 Dungeon Crawl Stone Soup version 0.17-a0-1181-gabc46e6 (webtiles) character file.

58 Hanyuu the Insei (level 4, 28/28 HPs)
             Began as an Octopode Transmuter on May 31, 2015.
             Quit the game on level 2 of the Dungeon.
             The game lasted 00:03:38 (1520 turns).

Hanyuu the Insei (Octopode Transmuter)              Turns: 1520, Time: 00:03:38

Health: 28/28      AC:  1    Str:  9    XL:     4   Next: 2%
Magic:  7/7        EV: 12    Int: 16    God:
Gold:   111        SH:  0    Dex: 12    Spells: 3 memorised, 1 level left

rFire  . . .     SeeInvis .       - Unarmed
rCold  . . .     Clarity  .     (no shield)
rNeg   . . .     SustAt   .     (helmet restricted)
rPois  .         Gourm    .     (no amulet)
rElec  .         Spirit   .     (no ring)
rCorr  .         Warding  .     (no ring)
rMut   .         Stasis   .     (no ring)
MR     .....                    (no ring)
Stlth  ++........               (no ring)
                                (no ring)
                                (no ring)
                                (no ring)

@: not resistant to hostile enchantments, unstealthy
A: almost no armour, amphibious, 8 rings, constrict 8, camouflage 1, gelatinous
body 1
a: no special abilities


You were on level 2 of the Dungeon.
You were not hungry.

You visited 1 branch of the dungeon, and saw 2 of its levels.

You collected 111 gold pieces.

Inventory:

Missiles
 a - 83 arrows
 j - 17 poisoned needles
 o - 7 javelins (quivered)
Scrolls
 d - 3 scrolls of teleportation {unknown}
 f - a scroll of enchant armour {unknown}
 g - a scroll of identify {unknown}
 h - a scroll of enchant weapon {unknown}
 k - a scroll of noise {unknown}
 n - a scroll of random uselessness {unknown}
 q - a scroll of remove curse {unknown}
Potions
 e - a potion of agility {unknown}
 l - a potion of magic {unknown}
 p - a potion of curing {unknown}
 s - a potion of haste {unknown}
Books
 b - a book of Changes

   Spells                             Type                      Level
   a - Beastly Appendage              Transmutation                1
   b - Sticks to Snakes               Transmutation                2
   c - Spider Form                    Transmutation/Poison         3
   d - Ice Form                       Ice/Transmutation            4
   e - Blade Hands                    Transmutation                5
Comestibles
 c - a bread ration
 i - 3 chunks of flesh
 m - a meat ration
 r - a beef jerky


   Skills:
 - Level 1.0 Fighting
 - Level 2.0 Dodging
 + Level 4.6 Unarmed Combat
 - Level 2.0 Spellcasting
 - Level 2.0 Transmutations
 - Level 1.0 Poison Magic


You had one spell level left.
You knew the following spells:

 Your Spells              Type           Power        Failure   Level  Hunger
a - Beastly Appendage     Trmt           #.....       10%         1    #......
b - Sticks to Snakes      Trmt           #.........   14%         2    ###....
c - Spider Form           Trmt/Pois      #.........   34%         3    ###....


Dungeon Overview and Level Annotations

Branches:
Dungeon (2/15)

Altars:


Innate Abilities, Weirdness & Mutations

You cannot wear most types of armour.
You are amphibious.
You can wear up to eight rings at the same time.
You can use your tentacles to constrict eight enemies at once.
Your skin changes colour to match your surroundings (Stealth).
Your rubbery body absorbs attacks (AC +1).


Message History

Some of the chunks of flesh in your inventory have rotted away.
A goblin comes into view. It is wielding a dagger.
The goblin moves out of view.
The goblin shouts!
You barely miss the goblin. Your grab misses the goblin.
The goblin hits you with a dagger.
You tentacle-slap the goblin.
You kill the goblin!
No target in view!
No target in view!
No target in view!
No target in view!
No target in view!
Found a club.
You see here a dagger.
You now have 111 gold pieces (gained 15).
You see here a club.
You see here a dagger.
Done exploring.
Are you sure you want to abandon this character and quit the game? (Confirm with "yes".)

#<# #
#######################.#
#
......................#.#
#
#####################.#.#
# ########
########...#.#.# #
.......# #..........#.#.#
# ##....(#
#.).....)..#.#.# #####
##.....#
#..........#.#.#####....
.......#
#......@...#.#.......###
##.....#
########.#.#.#.......###
##.....#
#.#.#.#...<...#..
.......#
#.#.#.#.#####.#.#
#)#.##.##########.#.#.#.#
#.#.#
..................#.#.#.#
#.#.#
#.#.#..###.######.#.#.#.#
#.#.# #.#.#<.......#
#.#.#.#.# #.#.#
#.#.#..####..######.#.#.#
#.#.#


There were no monsters in sight!

Vanquished Creatures
  An adder (D:2)
  A worm (D:2)
  3 giant geckos
  11 bats
  A giant cockroach (D:2)
  4 goblins
  7 hobgoblins
  6 kobolds
  A quokka (D:2)
  2 giant newts
  5 rats
42 creatures vanquished.

Notes
Turn   | Place    | Note
--------------------------------------------------------------
     0 | D:1      | Hanyuu the Octopode Transmuter began the quest for the Orb.
     0 | D:1      | Reached XP level 1. HP: 13/13 MP: 3/3
   153 | D:1      | Reached XP level 2. HP: 15/18 MP: 5/5
   417 | D:1      | Reached skill level 4 in Unarmed Combat
   572 | D:1      | Reached XP level 3. HP: 17/23 MP: 6/6
   576 | D:1      | Learned a level 2 spell: Sticks to Snakes
   580 | D:1      | Learned a level 3 spell: Spider Form
   855 | D:2      | Reached skill level 1 in Poison Magic
  1372 | D:2      | Reached XP level 4. HP: 24/28 MP: 7/7
  1520 | D:2      | Quit the game

Vault maps used:
D:1:      dpeg_arrival_lava_altar
D:2:      kennysheep_generic_room_13

Action                   |  1- 3 |  4- 6 || total
-------------------------+-------+-------++-------
Melee: Unarmed           |    87 |     2 ||    89
 Cast: Spider Form       |     1 |       ||     1
       Beastly Appendage |     1 |       ||     1
 Stab: Sleeping          |     9 |       ||     9
  Eat: Chunk             |     2 |       ||     2
